 Seeded DCSS version 0.30.1 (webtiles) character file.

Game seed: 13076571313884902175 (custom seed)

18 CInkIbrahim the Poker (level 2, 26/26 HPs)
             Began as an Armataur Berserker on July 12, 2023.
             Was a Follower of Trog.
             Quit the game on level 1 of the Dungeon.
             The game lasted 00:00:29 (514 turns).

CInkIbrahim the Poker (Armataur Berserker)           Turns: 514, Time: 00:00:30

Health: 26/26      AC:  4    Str: 22    XL:     2   Next: 48%
Magic:  2/2        EV:  9    Int:  7    God:    Trog [*.....]
Gold:   42         SH:  0    Dex:  9    Spells: 1/1 levels left

rFire   . . .        a - +0 spear
rCold   . . .        (no shield)
rNeg    . . .        b - +0 animal skin
rPois   .            (no helmet)
rElec   .            (no cloak)
rCorr   .            (no gloves)
SInv    .            (no barding)
Will    .....        (no amulet)
Stlth   +            (no ring)
HPRegen 0.24/turn    (no ring)
MPRegen 0.08/turn

%: roll
@: no status effects
A: large, rugged brown scales 3, deformed body, armoured tail, roll, long
tongue, awkward tongue
a: Renounce Religion, Berserk


You were on level 1 of the Dungeon.
You worshipped Trog.
Trog was aware of your devotion.
You visited 1 branch of the dungeon, and saw 1 of its levels.

You collected 42 gold pieces.

Inventory:

Hand Weapons
 a - a +0 spear (weapon)
Armour
 b - a +0 animal skin (worn)
Scrolls
 c - a scroll of magic mapping {unknown}
 d - 2 scrolls of enchant weapon {unknown}
 f - a scroll of acquirement
Potions
 e - a potion of haste {unknown}


   Skills:
 - Level 2.6 Fighting
 + Level 3.2 Polearms
 - Level 2.4 Armour
 - Level 1.3 Dodging


You had one spell level left.
You didn't know any spells.
Your spell library was empty.

Dungeon Overview and Level Annotations

Branches:
Dungeon (1/15)

Altars:


Innate Abilities, Weirdness & Mutations

You are completely covered in rugged brown scales. (AC +3, +7% HP)
Armour fits poorly on your strangely shaped body.
You have a long armoured tail.
You roll when moving toward enemies. (Rampage)
Your long tongue fully drains potion bottles. (2x potion effects)
Your tongue gives you trouble enunciating. (1.5x scroll delay)


Message History

A dart slug is nearby!
You reach to attack!
You hit the dart slug.
The dart slug is heavily wounded.
A dart slug is nearby!
You hit the dart slug.
The dart slug is severely wounded.
A dart slug is nearby!
You hit the dart slug but do no damage. You tail-slap the dart slug.
You kill the dart slug!
Trog accepts your kill.
You see here a frilled lizard skeleton.
Done exploring.
No target in view!
Done exploring.
No target in view!
Done exploring.
No target in view!
Done exploring.
No target in view!
Done exploring.
No target in view!
Done exploring.
No target in view!
Done exploring.
No target in view!
Done exploring.
No target in view!
Done exploring.
No target in view!
Done exploring.
No target in view!
Done exploring.
No target in view!
Done exploring.
No target in view!
Done exploring.
No target in view!
Search for what [? for help]? .
This is a scroll of acquirement!
Are you sure you want to abandon this character and quit the game? (Confirm with "yes".)

..#####.## #.####.# ### #...#
#...##.# #>..# #.#.##.#######
#...##########......).....#
######...##......####.##.......#
~~≈≈≈≈~~~....###.# ##.##.......#
8~~≈≈~~8~.....##.# #...........#
~8~~~~8~§§....##.###...#.......#
~§####~~≈##.....@##..#.#.......#
≈§'..#~≈≈####÷#####....#.......#
≈§'.<#~≈§###...## #..###########
~~####~~≈##..#..###..############
~8~~§~8~~##.###.................#
8~~≈≈~~8~##..#.............####.#
~~§≈≈§~~~###...#.##..#.##..#.....
...........###.......#.......##.#
........##.# #.#.##....##..####.#


There were no monsters in sight!

Vanquished Creatures
  2 dart slugs (D:1)
  2 ball pythons (D:1)
  2 endoplasms (D:1)
  2 goblins (D:1)
  2 kobolds (D:1)
  2 frilled lizards (D:1)
  2 rats (D:1)
14 creatures vanquished.

Notes
Turn   | Place    | Note
-------+----------+-------------------------------------------
     0 | D:1      | CInkIbrahim the Armataur Berserker began the quest for the
                  | Orb.
     0 | D:1      | Reached XP level 1. HP: 19/19 MP: 1/1
   265 | D:1      | Reached skill level 3 in Polearms
   265 | D:1      | Reached XP level 2. HP: 25/26 MP: 2/2
   514 | D:1      | Identified a scroll of acquirement
   514 | D:1      | Quit the game

Illustrated notes

Levels and vault maps discovered:
D:1:      lightli_arrival_boilingwater, layout_loops_cross

Skill      XL: |  1 |
---------------+----+-----
Polearms       | 3 |  3.2
Fighting       | |  2.6
Armour         | |  2.4
Dodging        | |  1.3

Action                     || total
---------------------------++-------
  Melee: Spear             ||    34
         Tailslap          ||     2
         Punch             ||     1
   Stab: Sleeping          ||     1
 Armour: Animal skin       ||     4
  Dodge: Dodged            ||     8
